 Dungeon Crawl Stone Soup version 0.26-a0-649-gf8c6c3aab7 (webtiles) character file.

Game seed: 16627826163324753576

2508 smeego the Slasher (level 9, -9/61 HPs)
             Began as an Octopode Fighter on Sept 27, 2020.
             Was a Follower of Dithmenos.
             Killed from afar by Maggie (18 damage)
             ... with a bolt of fire
             ... on level 6 of the Dungeon.
             The game lasted 00:08:06 (8668 turns).

smeego the Slasher (Octopode Fighter)               Turns: 8668, Time: 00:08:07

Health: -9/61      AC:  1    Str: 19    XL:     9   Next: 53%
Magic:  10/10      EV: 13    Int: 10    God:    Dithmenos [*.....]
Gold:   235        SH:  9    Dex: 11    Spells: 8/8 levels left

rFire    . . .     SeeInvis .   a - +0 long sword
rCold    . . .     Faith    .   b - +0 kite shield
rNeg     . . .     Spirit   .   (helmet restricted)
rPois    .         Reflect  .   j - amulet of the acrobat
rElec    .         Harm     .   r - ring of resist corrosion
rCorr    +         Rampage  .   (no ring)
MR       .....                  (no ring)
Stlth    ++++......             (no ring)
HPRegen  0.20/turn              (no ring)
MPRegen  0.12/turn              (no ring)
                                (no ring)
                                (no ring)

@: mesmerised, wreathed by umbra
A: almost no armour, stealthy swim, amphibious, 8 rings, constrict 8, camouflage
1, gelatinous body 1
a: Renounce Religion


You were on level 6 of the Dungeon.
You worshipped Dithmenos.
Dithmenos was aware of your devotion.
You visited 1 branch of the dungeon, and saw 6 of its levels.

You collected 334 gold pieces.
You spent 99 gold pieces at shops.

Inventory:

Hand Weapons
 a - a +0 long sword (weapon)
 i - a +3 dagger
Missiles
 m - 10 poisoned darts (quivered)
Armour
 b - a +0 kite shield (worn)
Jewellery
 j - an amulet of the acrobat (around mantle)
 k - an uncursed ring of ice
 r - a ring of resist corrosion (left tentacle)
 w - an uncursed amulet of guardian spirit {unknown}
Wands
 e - a wand of random effects (22)
Scrolls
 d - 4 scrolls of teleportation
 f - a scroll of fear {unknown}
 g - a scroll of blinking {unknown}
 h - a scroll of immolation
 n - a scroll of enchant armour {unknown}
 o - a scroll of fog {unknown}
 p - 4 scrolls of remove curse
 q - 3 scrolls of magic mapping {unknown}
 s - 2 scrolls of enchant weapon {unknown}
 u - a scroll of amnesia
 v - a scroll of summoning
Potions
 c - 4 potions of might
 l - 3 potions of stabbing
 t - a potion of haste
 z - a potion of degeneration {unknown}


   Skills:
 + Level 5.2 Fighting
 * Level 6.2 Long Blades
 + Level 3.8 Throwing
 + Level 5.1 Dodging
 + Level 5.6 Stealth
 + Level 5.0 Shields
 + Level 3.9 Unarmed Combat
 + Level 2.1 Invocations
 + Level 3.8 Evocations


You had 8 spell levels left.
You didn't know any spells.
Your spell library was empty.

Dungeon Overview and Level Annotations

Branches:
Dungeon (6/15)             Temple (0/1) D:6

Altars:
Dithmenos
The Shining One

Shops:
D:5 *

Annotations:
D:5 1 runed translucent door, contrafett's ghost, novice DrFE
D:6 1 runed translucent door, Crazy Yiuf; Maggie


Innate Abilities, Weirdness & Mutations

You cannot wear most types of armour.
You are very stealthy in the water. (Stealth+)
You are amphibious.
You can wear up to eight rings at the same time.
You can use your tentacles to constrict eight enemies at once.
Your skin changes colour to match your surroundings (Stealth+).
Your rubbery body absorbs attacks. (AC +1, EV +1)


Message History

The bolt of fire misses you.
You hit Maggie.
Maggie is moderately wounded.
You constrict Maggie. Maggie completely misses you.
Remove which piece of jewellery? (? for menu, Esc to quit)
You remove your ring of ice.
You constrict Maggie.
It was a potion of curing.
You feel better.
You constrict Maggie. Maggie barely misses you.
You hit Maggie.
Maggie is heavily wounded.
You constrict Maggie, but do no damage.
Maggie points at you and mumbles some strange words.
The bolt of fire hits you!!
* * * LOW HITPOINT WARNING * * *
You hit Maggie.
Maggie is severely wounded.
You constrict Maggie! Maggie casts a spell at you. The bolt of fire hits you!!
You die...

...# ..... ..... #
...#
..........^....#
...#
...............#
..##
...............#
..#####...........
..# ..........
....... #...
..........
....###....
.....)....
#.@.......
.........#
#@.......
........>#
#....#..# ..<.....#
#...## ........#
##...# ##......#
#...## #........#
#...#
.........######...#
...........##.....#
...#..............#


You could see Maggie (mesmerising).

Vanquished Creatures
  Grinder (D:5)
  Sigmund (D:4)
  Eustachio (D:5)
  A water moccasin (D:6)
  2 ice beasts (D:5)
  A sky beast (D:6)
  2 phantoms (D:5)
  3 ogres
  3 centaurs
  Blork the orc (D:6)
  A gnoll sergeant (D:4)
  A scorpion (D:4)
  A howler monkey (D:5)
  4 wights (D:4)
  A crimson imp (D:6)
  2 jellies
  A bullfrog zombie (D:5)
  2 hounds
  3 orc priests
  An orc wizard (D:6)
  2 iguanas
  4 worker ants
  4 adders
  2 gnolls (D:4)
  An ooze (D:3)
  An adder skeleton (D:4)
  A worm (D:2)
  2 dart slugs
  2 leopard geckos (D:2)
  9 orcs
  3 ball pythons
  6 bats
  6 giant cockroaches
  11 goblins
  9 hobgoblins
  6 jackals (D:2)
  4 frilled lizards
  4 goblin skeletons (D:6)
  A goblin zombie (D:6)
  3 hobgoblin zombies (D:6)
  4 kobolds
  2 kobold zombies (D:6)
  2 orc skeletons (D:6)
  3 orc zombies (D:6)
  4 quokka skeletons
  7 rats
136 creatures vanquished.

Notes
Turn   | Place    | Note
-------+----------+-------------------------------------------
     0 | D:1      | smeego the Octopode Fighter began the quest for the Orb.
     0 | D:1      | Reached XP level 1. HP: 16/16 MP: 1/1
    75 | D:1      | Reached XP level 2. HP: 21/21 MP: 2/2
   699 | D:2      | Reached skill level 1 in Stealth
   738 | D:2      | Reached XP level 3. HP: 26/26 MP: 3/3
  1245 | D:2      | Reached XP level 4. HP: 24/31 MP: 4/4
  1246 | D:2      | Reached skill level 1 in Unarmed Combat
  2363 | D:3      | Reached skill level 3 in Long Blades
  2443 | D:3      | Reached skill level 1 in Throwing
  3050 | D:4      | Reached XP level 5. HP: 10/36 MP: 5/5
  3410 | D:4      | Reached XP level 6. HP: 17/42 MP: 6/6
  3955 | D:4      | Reached skill level 1 in Evocations
  4422 | D:4      | Reached skill level 4 in Long Blades
  4525 | D:4      | Reached XP level 7. HP: 39/47 MP: 7/7
  5150 | D:4      | Noticed Sigmund
  5164 | D:4      | Killed Sigmund
  5164 | D:4      | Reached XP level 8. HP: 39/54 MP: 8/8
  5304 | D:5      | Entered Level 5 of the Dungeon
  5536 | D:5      | Reached skill level 5 in Long Blades
  5752 | D:5      | Found Epaoneh's Assorted Antiques.
  5753 | D:5      | Noticed Eustachio
  5768 | D:5      | Killed Eustachio
  6206 | D:5      | Found a shadowy altar of Dithmenos.
  6220 | D:5      | Became a worshipper of Dithmenos the Shadowed
  6316 | D:5      | Bought a scroll labeled ROTETE SUDARIV for 33 gold pieces
  6316 | D:5      | Bought a scroll labeled HIJUDD ZYOCVUOHU for 33 gold pieces
  6316 | D:5      | Bought a scroll labeled RUHODU PAF for 33 gold pieces
  6726 | D:6      | Noticed Blork the orc
  6730 | D:6      | Killed Blork the orc
  6840 | D:6      | Reached skill level 1 in Invocations
  6842 | D:6      | Reached XP level 9. HP: 38/60 MP: 9/9
  6844 | D:6      | Reached skill level 5 in Stealth
  6957 | D:6      | Found a glowing golden altar of the Shining One.
  7523 | D:5      | Noticed Grinder
  7530 | D:5      | Killed Grinder
  7530 | D:5      | Reached * piety under Dithmenos
  7530 | D:5      | Reached skill level 5 in Fighting
  7533 | D:5      | Reached skill level 6 in Long Blades
  7806 | D:5      | Reached skill level 5 in Dodging
  7806 | D:5      | Reached skill level 5 in Shields
  7920 | D:5      | Found a runed translucent door.
  7921 | D:5      | Noticed contrafett's ghost (novice DrFE)
  8352 | D:6      | Found a runed translucent door.
  8353 | D:6      | Noticed Crazy Yiuf
  8435 | D:6      | Found a staircase to the Ecumenical Temple.
  8654 | D:6      | Noticed Maggie
  8668 | D:6      | Killed from afar by Maggie

Illustrated notes

Levels and vault maps discovered:
D:1:      moated_graveyard_arrival, layout_basic, minmay_misc_feat_alley
D:2:      layout_loops_corners
D:3:      layout_loops_ring
D:4:      layout_loops_ring, lightli_minifort, uniq_sigmund
D:5:      layout_basic, serial_shops, shop, ebering_ghost_inner_flame,
          basic_altar, uniq_eustachio, uniq_grinder
D:6:      layout_layer_cave, minmay_temple_entry_butterflies, basic_altar,
          nicolae_tso_besieged_by_evil, uniq_maggie, uniq_blork_the_orc,
          uniq_crazy_yiuf_cottage, uniq_menkaure

Skill      XL: |  1  2  3  4  5  6  7  8  9 |
---------------+----------------------------+-----
Stealth        | 1 2 3 4 5 |  5.6
Unarmed Combat | 1 2 3 |  3.9
Long Blades    | 3 4 5 6 |  6.2
Throwing       | 1 2 3 |  3.8
Evocations     | 1 2 3 |  3.8
Fighting       | 4 5 |  5.2
Shields        | 4 5 |  5.0
Dodging        | 4 5 |  5.1
Invocations    | 1 2 |  2.1

Action                   |  1- 3 |  4- 6 |  7- 9 || total
-------------------------+-------+-------+-------++-------
Melee: Long sword        |    68 |   108 |   160 ||   336
       Constrict         |    22 |    30 |    32 ||    84
       Tentacles         |    12 |    28 |    52 ||    92
       Punch             |       |       |    11 ||    11
Throw: Dart              |       |    11 |       ||    11
       Throwing net      |       |       |     1 ||     1
  Use: Potion            |       |     4 |     1 ||     5
       Scroll            |       |     2 |     6 ||     8
 Stab: Sleeping          |    11 |     6 |     9 ||    26
       Distracted        |       |       |     1 ||     1
       Held in net/web   |       |       |     1 ||     1
Armor: Skin              |       |     3 |     8 ||    11
Dodge: Dodged            |    26 |    47 |    57 ||   130
Block: Kite shield       |    21 |    49 |    57 ||   127
       Rpst.: Long sword |     4 |    12 |    24 ||    40

Table legend: (Time is in decaauts)
 A = Elapsed time spent in this place.
 B = Non-inter-level travel time spent in this place.
 C = Inter-level travel time spent in this place.
 D = Time resting spent in this place.
 E = Time spent auto-exploring this place.
 F = Levels seen in this place.
 G = Mean time per level.
                   A        B        C        D        E       F      G
               +--------+--------+--------+--------+--------+-----+--------+
         Total |   8768 |   8598 |    170 |   2086 |   5342 |   6 | 1461.3 |
       Dungeon |   8768 |   8598 |    170 |   2086 |   5342 |   6 | 1461.3 |
               +--------+--------+--------+--------+--------+-----+--------+

Top non-repeatable levels by time:
     D:5: 2473 daAuts
     D:4: 2287 daAuts
     D:2: 1429 daAuts
     D:3: 952 daAuts
     D:6: 920 daAuts
     D:1: 705 daAuts
